[Event "Titled Tuesday Blitz December 20 Early 2022"]
[White "Calzadilla De la Cruz, Maray"]
[Black "Kopylov_Alex"]
[WhiteFideId "3509770"]
[WhiteElo "1994"]
[BlackElo "2790"]
[Result "1-0"]
[Round "02"]
[TimeControl "180+2"]
[Date "2022.12.20"]
[WhiteClock "0:00:52"]
[BlackClock "0:00:29"]

1. e4 e5 2. Nf3 Nc6 3. Bb5 a6 4. Ba4 d6 5. O-O Bd7 6. c3 Nf6 7. d4 g6 8. d5 Nb8 9. Bc2 Bg7 10. c4 Bg4 11. h3 Bxf3 12. Qxf3 O-O 13. Nc3 Nbd7 14. Be3 Nh5 15. g3 Bf6 16. h4 Ng7 17. b4 Be7 18. Bh6 Kh8 19. Rad1 Nf6 20. Kg2 Ng8 21. Bxg7+ Kxg7 22. h5 a5 23. a3 axb4 24. axb4 Ra3 25. Ra1 Qa8 26. Rxa3 Qxa3 27. Rb1 Bd8 28. Rb3 Qa1 29. c5 Nh6 30. Nb5 dxc5 31. bxc5 c6 32. Nd6 cxd5 33. exd5 Qc1 34. Qe2 Bf6 35. Rxb7 Qa3 36. Qc4 Ng8 37. hxg6 hxg6 38. Bxg6 Kxg6 39. Qg4+ Bg5 40. Qf5+ Kh6 41. Rxf7 Rxf7 42. Nxf7+ Kg7 43. Nxg5 Qa7 44. Qxe5+ Kg6 45. Qe6+ Nf6 46. Ne4 Kh5 47. Nxf6+ Kg6 48. Ne8+ Kh7 49. Nf6+ Kg6 50. Nd7+ Kg7 51. Ne5 Qxc5 52. Qg6+ Kf8 53. Qf7# 1-0


[Site "https://www.chess.com"]

[Event "Titled Tuesday Blitz December 20 Early 2022"]
[White "Carvalho, Heracles Elieser"]
[Black "VitorBronson"]
[WhiteFideId "22751114"]
[WhiteElo "1895"]
[BlackElo "2459"]
[Result "1-0"]
[Round "02"]
[TimeControl "180+2"]
[Date "2022.12.20"]
[WhiteClock "0:00:13"]
[BlackClock "0:00:14"]

1. e4 c6 2. Nc3 d5 3. Nf3 Bg4 4. h3 Bxf3 5. Qxf3 e6 6. d4 Nf6 7. Qe3 Be7 8. Bd3 O-O 9. O-O b5 10. e5 Nfd7 11. Qg3 Kh8 12. Ne2 c5 13. c3 c4 14. Bc2 Nc6 15. Nf4 Qc7 16. Qg4 f5 17. exf6 Nxf6 18. Nxe6 Nxg4 19. Nxc7 Rac8 20. Nxd5 Nf6 21. Nxe7 Nxe7 22. Bf4 Ned5 23. Be5 Nd7 24. Be4 N5b6 25. Bg3 Na4 26. Rab1 a5 27. Bb7 Rcd8 28. Bc6 Nab6 29. Bxb5 Nf6 30. Bc6 Rc8 31. Bf3 a4 32. Rfe1 a3 33. Bd6 Rfd8 34. Bxa3 h5 35. Bc5 Nbd7 36. Bb4 g5 37. a4 g4 38. hxg4 hxg4 39. Bd1 Kg7 40. Re7+ Kg6 41. Bc2+ Kg5 42. Rg7+ Kh6 43. Rg6+ Kh5 44. Re1 Rg8 45. Rxg8 Rxg8 46. Re7 Nf8 47. g3 Nd5 48. Re5+ Rg5 49. Rxg5+ Kxg5 50. Bxf8 Kf6 51. Be4 Kf7 52. Bxd5+ Kxf8 53. Bxc4 Ke7 54. a5 Kd6 55. a6 Kc7 56. a7 Kb7 57. d5 Kxa7 58. Kg2 Kb7 59. Be2 Kc7 60. Bxg4 Kd6 61. c4 Kc5 62. Kf3 Kd6 63. Ke4 Ke7 64. Ke5 Kd8 65. d6 Ke8 66. d7+ Kd8 67. Kd5 Kc7 68. Ke6 Kd8 69. c5 Kc7 70. Ke7 Kc6 71. d8=Q Kb5 72. Qb6+ Kc4 73. b3+ Kc3 74. c6 Kc2 75. c7 Kd2 76. Qe3+ Kc2 77. b4 Kb2 78. b5 Ka2 79. Qc3 Kb1 80. b6 1-0


[Site "https://www.chess.com"]

[Event "Titled Tuesday Blitz December 20 Early 2022"]
[White "Castro Andrade, Seirbert Cristian"]
[Black "Mosti, Alain"]
[WhiteFideId "3863336"]
[BlackFideId "20606451"]
[WhiteElo "1364"]
[BlackElo "1655"]
[Result "1-0"]
[Round "02"]
[TimeControl "180+2"]
[Date "2022.12.20"]
[WhiteClock "0:00:39"]
[BlackClock "0:00:08"]

1. d4 e6 2. c4 b6 3. a3 Bb7 4. Nc3 Nf6 5. Qc2 d5 6. cxd5 Nxd5 7. e4 Nxc3 8. bxc3 Nd7 9. Nf3 c5 10. Bd3 cxd4 11. cxd4 Rc8 12. Qe2 Be7 13. O-O O-O 14. Bb2 Nf6 15. Rad1 Nh5 16. g3 Nf6 17. d5 exd5 18. e5 Nd7 19. e6 Nc5 20. exf7+ Rxf7 21. Bb1 Bf6 22. Ne5 Bxe5 23. Qxe5 Qe7 24. Qh5 g6 25. Qh6 Ne4 26. Qe3 Ng5 27. Qxe7 Rxe7 28. f4 Ne4 29. f5 gxf5 30. Rxf5 Rf8 31. Rxf8+ Kxf8 32. a4 Rf7 33. Bd4 Ke7 34. Bd3 Ke6 35. a5 bxa5 36. Bxa7 Bc6 37. Bd4 a4 38. Rc1 Bd7 39. Rc7 Rf3 40. Be2 Rf7 41. Bg4+ Kd6 42. Ra7 Be8 43. Ra6+ Kc7 44. Be6 Re7 45. Bxd5 Rd7 46. Be5+ Nd6 47. Rc6+ Kd8 48. Rxd6 a3 49. Rxd7+ Bxd7 50. Kf2 Bf5 51. Ke3 Bb1 52. Kf4 a2 53. g4 Ke7 54. h4 Kf8 55. Kg5 Ke7 56. Kh6 Kf8 57. g5 Ke7 58. h5 Kf8 59. Bc4 Ke7 60. Bg8 Kf8 61. Bxh7 a1=Q 62. Bxa1 1-0


[Site "https://www.chess.com"]

[Event "Titled Tuesday Blitz December 20 Early 2022"]
[White "Cepo, Toni"]
[Black "Aza, Saulo"]
[WhiteFideId "4675916"]
[BlackFideId "4410394"]
[WhiteElo "2145"]
[BlackElo "1667"]
[Result "0-1"]
[Round "02"]
[TimeControl "180+2"]
[Date "2022.12.20"]
[WhiteClock "0:00:21"]
[BlackClock "0:01:50"]

1. e4 c5 2. Nf3 d6 3. d4 cxd4 4. Nxd4 Nf6 5. Nc3 Nc6 6. Be3 Ng4 7. Nxc6 bxc6 8. Qd2 Nxe3 9. Qxe3 Qb6 10. Qxb6 axb6 11. Bc4 g6 12. Ke2 b5 13. Bb3 Bg7 14. a4 b4 15. Nd1 Ba6+ 16. Ke1 e6 17. a5 Ke7 18. Ba4 Rhc8 19. c3 Rab8 20. Bc2 c5 21. f3 f5 22. exf5 gxf5 23. g4 fxg4 24. fxg4 Rf8 25. Bxh7 Rf3 26. Be4 Rf4 27. Bg2 Rxg4 28. Bf3 Rf4 0-1


[Site "https://www.chess.com"]

[Event "Titled Tuesday Blitz December 20 Early 2022"]
[White "Chernov_Mikhail"]
[Black "Rapy, Francois"]
[BlackFideId "26041324"]
[WhiteElo "2398"]
[BlackElo "1642"]
[Result "1-0"]
[Round "02"]
[TimeControl "180+2"]
[Date "2022.12.20"]
[WhiteClock "0:01:18"]
[BlackClock "0:00:01"]

1. e4 e5 2. Nc3 Nc6 3. Bc4 Nf6 4. d3 Bc5 5. f4 d6 6. Nf3 Bg4 7. Na4 Nd4 8. Nxc5 Bxf3 9. gxf3 dxc5 10. c3 Nc6 11. O-O Nh5 12. Qb3 O-O 13. Qxb7 Na5 14. Qd5 Nxc4 15. dxc4 Nxf4 16. Bxf4 exf4 17. Qxd8 Rfxd8 18. Rad1 h6 19. Rd5 c6 20. Rxc5 Rd2 21. Rf2 Rad8 22. b4 Rxf2 23. Kxf2 Rd2+ 24. Ke1 Rxa2 25. Rxc6 Rc2 26. Rc8+ Kh7 27. Rc7 Rxc3 28. Kd2 Rxf3 29. Rxa7 Rb3 30. b5 f3 31. Rxf7 Rb4 32. Kc3 Ra4 33. Rxf3 Ra3+ 34. Kb4 Rxf3 35. b6 Rf1 36. c5 Rb1+ 37. Ka5 Ra1+ 38. Kb5 g5 39. c6 Rb1+ 40. Ka6 Ra1+ 41. Kb7 g4 42. c7 Rc1 43. c8=Q 1-0


[Site "https://www.chess.com"]

[Event "Titled Tuesday Blitz December 20 Early 2022"]
[White "ChessTankMan"]
[Black "Barbis, Athanasios"]
[BlackFideId "4215800"]
[WhiteElo "2514"]
[BlackElo "1953"]
[Result "1-0"]
[Round "02"]
[TimeControl "180+2"]
[Date "2022.12.20"]
[WhiteClock "0:01:10"]
[BlackClock "0:00:01"]

1. e4 e5 2. Nf3 Nc6 3. Bb5 a6 4. Ba4 Bc5 5. O-O Nge7 6. c3 Ng6 7. d4 exd4 8. cxd4 Ba7 9. Nc3 O-O 10. Bg5 f6 11. Be3 d6 12. h4 Bg4 13. Qb3+ Kh8 14. Qxb7 Nce7 15. Nh2 Bb6 16. e5 d5 17. exf6 gxf6 18. Nxd5 Nxd5 19. Nxg4 Nb4 20. Qf3 f5 21. Ne5 Nxh4 22. Qh3 1-0


[Site "https://www.chess.com"]

[Event "Titled Tuesday Blitz December 20 Early 2022"]
[White "ChessicallyInclined"]
[Black "Cuajada_Zero"]
[WhiteElo "2693"]
[BlackElo "2413"]
[Result "0-1"]
[Round "02"]
[TimeControl "180+2"]
[Date "2022.12.20"]
[WhiteClock "0:00:12"]
[BlackClock "0:00:17"]

1. Nf3 d5 2. c4 e6 3. e3 Nf6 4. b3 Be7 5. Bb2 O-O 6. Nc3 b6 7. Be2 Bb7 8. O-O dxc4 9. bxc4 c5 10. Qc2 Nc6 11. Rfd1 Qc7 12. a4 Rad8 13. h3 h6 14. Qb1 Rd7 15. d4 cxd4 16. exd4 Rfd8 17. d5 exd5 18. Nxd5 Nxd5 19. cxd5 Rxd5 20. Rxd5 Rxd5 21. Bc4 Rd6 22. Qf5 Bf6 23. Re1 Qd8 24. Ba3 Rd1 25. Rxd1 Qxd1+ 26. Kh2 Nd4 27. Nxd4 Qxd4 28. Qc2 Qe5+ 29. f4 Qxf4+ 30. g3 Qf3 0-1


[Site "https://www.chess.com"]

[Event "Titled Tuesday Blitz December 20 Early 2022"]
[White "Chesstrainer1"]
[Black "Voilo, Anastasia"]
[BlackFideId "34112413"]
[WhiteElo "2467"]
[BlackElo "2133"]
[Result "1-0"]
[Round "02"]
[TimeControl "180+2"]
[Date "2022.12.20"]
[WhiteClock "0:00:32"]
[BlackClock "0:00:11"]

1. e4 e6 2. d4 d5 3. Nd2 c5 4. Ngf3 cxd4 5. Nxd4 Nf6 6. exd5 Qxd5 7. Nb5 Na6 8. Nc3 Qe5+ 9. Be2 Bd7 10. Nc4 Qc7 11. Qd4 Bc5 12. Qh4 Be7 13. Bf4 Qc5 14. Qg3 Kf8 15. O-O-O b5 16. Bd6 Bxd6 17. Qxd6+ Qxd6 18. Nxd6 Nc7 19. Ndxb5 Nxb5 20. Bxb5 Bxb5 21. Nxb5 Ke7 22. Rd4 a6 23. Nc3 Rhd8 24. Rhd1 Rxd4 25. Rxd4 Rd8 26. Rxd8 Kxd8 27. f3 Kc7 28. Kd2 Nd7 29. Ne4 Kc6 30. c4 h6 31. b4 f5 32. Nf2 Nb6 33. Kc3 Na4+ 34. Kb3 Nb6 35. Nd3 Nc8 36. a4 Nd6 37. b5+ axb5 38. axb5+ Kb7 39. Kb4 Nf7 40. c5 e5 41. c6+ Kb6 42. Nb2 e4 43. Nc4+ Kc7 44. fxe4 fxe4 45. Kc5 Nd8 46. b6+ Kc8 47. Nd6+ Kb8 48. c7+ 1-0


[Site "https://www.chess.com"]

[Event "Titled Tuesday Blitz December 20 Early 2022"]
[White "Coachpoker"]
[Black "Firouzja, Alireza"]
[BlackFideId "12573981"]
[WhiteElo "2626"]
[BlackElo "2785"]
[Result "0-1"]
[Round "02"]
[TimeControl "180+2"]
[Date "2022.12.20"]
[WhiteClock "0:00:06"]
[BlackClock "0:00:15"]

1. d4 d5 2. c4 e6 3. Nf3 a6 4. e3 Nf6 5. Nbd2 b6 6. Bd3 Bb7 7. O-O Bd6 8. Qe2 Ne4 9. b3 O-O 10. Bb2 Nd7 11. Rac1 Qf6 12. Rfd1 Qh6 13. Nf1 f5 14. cxd5 Bxd5 15. Ne5 Bxe5 16. dxe5 Ndc5 17. f3 Nxd3 18. Qxd3 Ng5 19. Rxc7 Rad8 20. Bd4 Qg6 21. Kf2 Qh5 22. h3 f4 23. e4 Bxe4 24. fxe4 f3 25. Rd2 fxg2+ 26. Kxg2 Rf3 27. Qe2 Qxh3+ 28. Kg1 Rdf8 29. Rc1 R8f4 30. Nh2 Rg3+ 31. Kh1 Nxe4 32. Bg1 h5 33. Rc4 Nf2+ 34. Qxf2 Rxf2 35. Rxf2 Rg5 36. Rcf4 Qd3 37. R4f3 Qe4 38. Rg2 Rxg2 39. Kxg2 Qxe5 40. Bxb6 Qg5+ 41. Rg3 Qd2+ 42. Bf2 Qxa2 43. Nf3 Qc2 44. Nh4 Qe4+ 45. Nf3 h4 46. Rg5 h3+ 47. Kg3 h2 48. Nxh2 Qd3+ 49. Nf3 Qxb3 50. Rg4 a5 51. Bd4 a4 52. Bxg7 a3 53. Be5+ Kf7 54. Rg7+ Ke8 55. Ra7 a2 56. Kf4 Qb4+ 57. Kg5 Qb3 58. Kf6 Qxf3+ 59. Kxe6 Qc6+ 60. Bd6 Qc4+ 61. Ke5 a1=Q+ 62. Rxa1 Qc3+ 63. Ke6 Qxa1 64. Be5 Qa2+ 65. Kd6 Kf7 66. Bd4 Qe6+ 67. Kc5 Ke8 68. Kb4 Kd7 69. Kc5 Qc6+ 70. Kb4 Ke6 71. Bc5 Kd5 72. Ba7 Qc4+ 73. Ka5 Kc6 74. Bc5 Qb5# 0-1


[Site "https://www.chess.com"]

[Event "Titled Tuesday Blitz December 20 Early 2022"]
[White "DIMONBANAN"]
[Black "Harkness, Bryan"]
[BlackFideId "444227"]
[WhiteElo "2416"]
[BlackElo "1935"]
[Result "0-1"]
[Round "02"]
[TimeControl "180+2"]
[Date "2022.12.20"]
[WhiteClock "0:00:04"]
[BlackClock "0:00:06"]

1. e4 c5 2. Nf3 Nc6 3. d4 cxd4 4. Nxd4 Nf6 5. Nc3 e5 6. Ndb5 d6 7. a4 a6 8. Na3 Be6 9. Bg5 Be7 10. Bxf6 gxf6 11. Bc4 O-O 12. Nd5 Kh8 13. c3 f5 14. Qe2 Rc8 15. Nc2 fxe4 16. Qxe4 Nd4 17. cxd4 Rxc4 18. Nce3 Rxd4 19. Qf3 e4 20. Qh5 Bxd5 21. O-O Be6 22. Rfd1 Bf6 23. h3 Be5 24. Ng4 f5 25. Ne3 Qf6 26. Rxd4 Bxd4 27. Rd1 Be5 28. Qe2 f4 29. Ng4 Bxg4 30. Qxg4 Rg8 31. Qd7 f3 32. g3 e3 33. Qxb7 e2 34. Re1 Bxg3 35. fxg3 Rxg3+ 36. Kf2 Rg2+ 37. Ke3 Qe5+ 38. Kd3 f2 39. Qc8+ Rg8 40. Qd7 fxe1=Q 0-1


[Site "https://www.chess.com"]

[Event "Titled Tuesday Blitz December 20 Early 2022"]
[White "D`Arruda, Ricardo D."]
[Black "BENO_CHESS"]
[WhiteFideId "100692"]
[WhiteElo "2271"]
[BlackElo "2706"]
[Result "0-1"]
[Round "02"]
[TimeControl "180+2"]
[Date "2022.12.20"]
[WhiteClock "0:00:24"]
[BlackClock "0:00:31"]

1. d4 Nf6 2. Nf3 e6 3. c4 d5 4. Nc3 Bb4 5. Bg5 h6 6. Bh4 dxc4 7. e3 b5 8. Be2 Bb7 9. O-O a6 10. a4 Nbd7 11. axb5 Bxc3 12. bxc3 axb5 13. Rxa8 Qxa8 14. Qb1 Qa5 15. Qb2 O-O 16. Rb1 Bc6 17. Ra1 Qb6 18. Nd2 Ra8 19. Rxa8+ Bxa8 20. Bg3 c5 21. Qa3 Bb7 22. dxc5 Qxc5 23. Qa5 Qd5 24. Nf3 Ne4 25. Bc7 Ndf6 26. Be5 Ng4 27. Bg3 Ng5 28. Qa1 Nf6 29. Ne1 Nh3+ 30. Kf1 Ne4 31. Nf3 Nhg5 32. Qc1 Nxf3 33. gxf3 Nd2+ 34. Kg2 Nxf3 35. Qd1 Ne1+ 36. Kh3 Qf5+ 37. Bg4 Bg2+ 38. Kh4 Qg5# 0-1


[Site "https://www.chess.com"]

[Event "Titled Tuesday Blitz December 20 Early 2022"]
[White "DefiantChair"]
[Black "Brunstein, Sandrine"]
[BlackFideId "625574"]
[WhiteElo "2631"]
[BlackElo "1990"]
[Result "1-0"]
[Round "02"]
[TimeControl "180+2"]
[Date "2022.12.20"]
[WhiteClock "0:00:07"]
[BlackClock "0:00:06"]

1. e4 c5 2. Nf3 d6 3. d4 cxd4 4. Nxd4 Nf6 5. Nc3 a6 6. Bg5 e6 7. f4 h6 8. Bh4 Nbd7 9. Qf3 e5 10. Nf5 exf4 11. Bxf6 Nxf6 12. Qxf4 Bxf5 13. Qxf5 Rc8 14. O-O-O Rxc3 15. bxc3 Qc7 16. Rd3 Nd7 17. Qd5 Ne5 18. Rg3 g6 19. Be2 h5 20. Rf1 Bg7 21. c4 O-O 22. Rb3 b6 23. c5 bxc5 24. Rb7 Qa5 25. Kb1 Qa4 26. h3 h4 27. Rb6 c4 28. Qxd6 Rc8 29. Qb4 Qd7 30. Rd1 Qe8 31. Rb7 Kh7 32. c3 a5 33. Qe7 Qc6 34. Qxh4+ Bh6 35. Rb2 a4 36. a3 Re8 37. Rf1 Kg7 38. Ka1 Be3 39. Qg3 Bc5 40. Ka2 Bd6 41. Qf2 Bf8 42. Qd4 Kg8 43. Qd5 Qc7 44. Rb7 Qd6 45. Qxd6 Bxd6 46. Bd1 Kg7 47. Bxa4 Ra8 48. Bc2 Bxa3 49. Kb1 Bd6 50. Rd1 Bf8 51. Rd5 Nc6 52. Rdd7 Ne5 53. Rd5 Re8 54. Ba4 Re6 55. Bd7 Re7 56. Bc8 Re8 57. Bg4 Kg8 58. Bf3 Bg7 59. Rdb5 Re6 60. Rb8+ Kh7 61. R8b6 Re7 62. Rb7 Re8 63. Be2 Bf6 64. Rb8 Re7 65. R8b7 Re8 66. Rb8 Re7 67. R5b7 Re6 68. Rb6 Nc6 69. Bxc4 Rd6 70. Bd5 1-0


[Site "https://www.chess.com"]

[Event "Titled Tuesday Blitz December 20 Early 2022"]
[White "Dela Cruz, Noel"]
[Black "szachuspl"]
[WhiteFideId "5207649"]
[WhiteElo "2241"]
[BlackElo "2642"]
[Result "0-1"]
[Round "02"]
[TimeControl "180+2"]
[Date "2022.12.20"]
[WhiteClock "0:00:05"]
[BlackClock "0:00:24"]

1. d4 Nf6 2. c4 g6 3. g3 Bg7 4. Bg2 O-O 5. Nc3 d6 6. Nf3 Nc6 7. O-O e5 8. d5 Ne7 9. e4 Nd7 10. Be3 h6 11. Qd2 Kh7 12. Ne1 f5 13. Nd3 b6 14. f4 exf4 15. Bxf4 Nc5 16. Rae1 fxe4 17. Nxe4 Nxe4 18. Bxe4 Bh3 19. Bg2 Bxg2 20. Qxg2 Nf5 21. Bc1 Qf6 22. Re4 Rae8 23. Ref4 Qe7 24. R4f3 Nd4 25. Rxf8 Rxf8 26. Rxf8 Qxf8 27. Qf2 Qe7 28. Qe3 Qf6 29. Kg2 a5 30. b3 Nf5 31. Qe2 Qa1 32. Kh3 Nd4 33. Qe4 Nf5 34. g4 Nd4 35. a4 Qb1 36. Nf2 Qxb3+ 37. Kg2 Qxc4 38. Be3 Qxa4 39. h4 Qc2 40. Qe8 Qe2 41. Qe4 Nc2 42. Bd2 Qxe4+ 43. Nxe4 Nb4 44. Bxb4 axb4 45. Nd2 Bc3 46. Nb3 Kg7 47. Kf3 Kf6 48. Ke4 h5 49. g5+ Kf7 0-1


[Site "https://www.chess.com"]

[Event "Titled Tuesday Blitz December 20 Early 2022"]
[White "Djeno, Drago"]
[Black "Marenco Fernandez, Oscar"]
[WhiteFideId "14400421"]
[BlackFideId "6503080"]
[WhiteElo "2223"]
[BlackElo "1885"]
[Result "1/2-1/2"]
[Round "02"]
[TimeControl "180+2"]
[Date "2022.12.20"]
[WhiteClock "0:00:12"]
[BlackClock "0:00:08"]

1. e4 c5 2. Nc3 d6 3. d4 cxd4 4. Qxd4 Nc6 5. Qd2 g6 6. b3 Bh6 7. f4 Nf6 8. Bb2 O-O 9. O-O-O e5 10. g3 Re8 11. Kb1 Nd4 12. Bg2 Bg4 13. Re1 b5 14. h3 Bd7 15. Nge2 Nxe2 16. Nxe2 Bc6 17. Qe3 a5 18. Nc3 b4 19. Nd5 Bxd5 20. exd5 exf4 21. Qd4 Bg7 22. Qxf4 Rxe1+ 23. Rxe1 Nh5 24. Qe3 Bxb2 25. Kxb2 Qf6+ 26. Kb1 a4 27. Rf1 Qd8 28. g4 Ng7 29. Qf4 Qe7 30. Qxb4 axb3 31. axb3 Qe5 32. c3 Qe2 33. Qb7 Qd3+ 34. Kb2 Qd2+ 35. Kb1 Qa2+ 36. Kc1 f5 37. Rf2 Qa1+ 38. Kd2 Ra2+ 39. Kd3 Qd1+ 40. Kc4 Rxf2 41. Qa8+ Kf7 42. Qa7+ Kf6 43. Qxf2 Qa1 44. Qd4+ Kf7 45. Kb5 Qa8 46. Qb6 fxg4 47. hxg4 Qe8+ 48. Qc6 Qe5 49. Qd7+ Kf6 50. c4 h5 51. Qd8+ Kf7 52. gxh5 gxh5 53. Bh3 Kg6 54. Bd7 Kh6 55. Qh8+ Kg6 56. Be6 Kf6 57. Qf8+ Kg6 58. Qf7+ Kh7 59. c5 dxc5 60. Kc6 c4 61. bxc4 h4 62. d6 Qxe6 63. Qf4 Qh6 64. Qe4+ Qg6 65. Qxh4+ Kg8 66. Qd8+ Kh7 67. Qh4+ Kg8 68. c5 Nf5 69. Qd8+ Kf7 70. Qd7+ Kf6 71. Qd8+ Ke5 72. Qh8+ Ke4 73. Qh1+ Kd4 74. Qa1+ Kc4 75. Qc1+ Kd4 76. Qb2+ Kc4 77. Qa2+ Kd4 78. Qd2+ Kc4 79. Qd5+ Kb4 80. Qd2+ Kc4 81. Qc2+ Kd4 82. Qd2+ Kc4 1/2-1/2


[Site "https://www.chess.com"]

[Event "Titled Tuesday Blitz December 20 Early 2022"]
[White "Ducrest, Pierre"]
[Black "Bilandani, Vansh"]
[WhiteFideId "1303627"]
[BlackFideId "8511292"]
[WhiteElo "2004"]
[BlackElo "2488"]
[Result "1/2-1/2"]
[Round "02"]
[TimeControl "180+2"]
[Date "2022.12.20"]
[WhiteClock "0:00:15"]
[BlackClock "0:00:10"]

1. d4 d5 2. c4 c6 3. Nc3 Nf6 4. Nf3 e6 5. e3 Nbd7 6. Qc2 Bd6 7. b3 O-O 8. Be2 e5 9. cxd5 Nxd5 10. Nxd5 cxd5 11. dxe5 Nxe5 12. Bb2 Nxf3+ 13. Bxf3 Bb4+ 14. Kf1 Be6 15. Rd1 Qa5 16. a3 Bxa3 17. Ra1 Qc5 18. Qxc5 Bxc5 19. Ke2 Rfd8 20. Rhd1 a6 21. Bd4 Rac8 22. Ra2 Bxd4 23. Rxd4 g6 24. Rad2 Rc3 25. b4 Rb3 26. h4 h5 27. g3 Rc8 28. Kf1 Rc1+ 29. Kg2 Rc4 30. Rxc4 dxc4 31. Bxb7 Rxb4 32. Bxa6 c3 33. Rc2 Rb3 34. Bd3 Ra3 35. Kf3 Bb3 36. Rc1 Bd5+ 37. e4 Be6 38. Ke3 Kg7 39. Kd4 Ra2 40. Rc2 Ra3 41. Rxc3 Ra2 42. Rc2 Ra1 43. Ke3 Ra3 44. Kd2 Ra1 45. f3 Rg1 46. Ke3 Rxg3 47. Kf2 Rh3 48. Kg2 Rxh4 49. Rc1 Rf4 50. Kg3 g5 51. Rc5 h4+ 52. Kg2 f6 53. Rc6 Kf7 54. Rc7+ Kf8 55. Rc6 Ke7 56. Rc7+ Kd6 57. Ra7 h3+ 58. Kg3 h2 59. Ra1 Rh4 60. Rh1 Ke5 61. Rxh2 Rxh2 62. Kxh2 Kf4 63. Kg2 Bd7 64. Kf2 Ba4 65. Be2 Bc2 66. Bc4 Bd1 67. Be2 Bxe2 68. Kxe2 Kg3 69. Ke3 g4 70. fxg4 Kxg4 71. e5 fxe5 72. Ke4 Kg5 73. Kxe5 1/2-1/2


[Site "https://www.chess.com"]

[Event "Titled Tuesday Blitz December 20 Early 2022"]
[White "Edam, Michael"]
[Black "Tarno, Brian"]
[WhiteFideId "24613231"]
[BlackFideId "10833820"]
[WhiteElo "2023"]
[BlackElo "2169"]
[Result "1/2-1/2"]
[Round "02"]
[TimeControl "180+2"]
[Date "2022.12.20"]
[WhiteClock "0:00:21"]
[BlackClock "0:00:04"]

1. e4 c5 2. Nf3 e6 3. g3 Nc6 4. Bg2 d6 5. O-O Nf6 6. Re1 Be7 7. d4 cxd4 8. Nxd4 Qc7 9. c4 O-O 10. Nxc6 bxc6 11. Nc3 Bb7 12. b3 Rfd8 13. Qe2 d5 14. cxd5 cxd5 15. Bb2 dxe4 16. Nxe4 Nxe4 17. Bxe4 Bxe4 18. Qxe4 Rac8 19. Qg4 Bf8 20. Rac1 Qa5 21. a3 Rxc1 22. Rxc1 Qd2 23. Qf4 Qxb2 24. Rc7 Qb1+ 25. Kg2 Qg6 26. Rxa7 Bd6 27. Qe3 Qf5 28. Ra4 Qd5+ 29. Qf3 h6 30. Qxd5 exd5 31. Kf3 Bc5 32. Ke2 d4 33. Kd3 Re8 34. Ra5 Bb6 35. Rb5 Re6 36. a4 Rc6 37. a5 Rc3+ 38. Kd2 Ba7 39. Rb7 Bc5 40. a6 Rf3 41. a7 Bxa7 42. Rxa7 Rxb3 43. Ke2 d3+ 44. Ke3 g6 45. Rd7 Kg7 46. Rxd3 Rxd3+ 47. Kxd3 Kf6 48. Ke4 Ke6 49. h4 f5+ 50. Kd4 g5 51. hxg5 hxg5 52. f4 gxf4 53. gxf4 Kd6 54. Ke3 Kc5 55. Kd3 Kd5 56. Ke3 Kc5 57. Kf3 Kd4 58. Kg3 Ke3 59. Kg2 Kxf4 60. Kf2 Ke4 61. Ke2 f4 62. Kf2 f3 63. Kf1 Kf5 64. Kf2 Kf4 65. Kf1 Ke3 66. Ke1 Kd3 67. Kf2 Ke4 68. Kf1 Ke3 69. Ke1 Kd3 70. Kf2 Ke4 1/2-1/2


[Site "https://www.chess.com"]

[Event "Titled Tuesday Blitz December 20 Early 2022"]
[White "EdgePlosion"]
[Black "HashtagChess"]
[WhiteElo "2420"]
[BlackElo "1812"]
[Result "1-0"]
[Round "02"]
[TimeControl "180+2"]
[Date "2022.12.20"]
[WhiteClock "0:02:36"]
[BlackClock "0:01:06"]

1. e4 c5 2. Nf3 e6 3. g3 d5 4. exd5 exd5 5. Bg2 Nf6 6. d4 Nc6 7. O-O cxd4 8. Nxd4 Be7 9. b3 O-O 10. Bb2 Bg4 11. Nxc6 bxc6 12. Qd3 Re8 13. Nd2 h6 14. Nf3 Qc8 15. Rfe1 Bf5 16. Qc3 Ne4 17. Qxg7# 1-0


[Site "https://www.chess.com"]

[Event "Titled Tuesday Blitz December 20 Early 2022"]
[White "Eloisa Navez, Angel"]
[Black "BetonCarlsen"]
[WhiteFideId "5117305"]
[WhiteElo "1942"]
[BlackElo "2216"]
[Result "1-0"]
[Round "02"]
[TimeControl "180+2"]
[Date "2022.12.20"]
[WhiteClock "0:00:22"]
[BlackClock "0:00:23"]

1. e4 c6 2. Nf3 d5 3. Nc3 dxe4 4. Nxe4 Nf6 5. Qe2 Nxe4 6. Qxe4 Nd7 7. Bc4 Nf6 8. Qe2 Bf5 9. Ne5 e6 10. c3 Be7 11. d4 O-O 12. Bg5 Nd5 13. Bxe7 Qxe7 14. g4 Bg6 15. h4 f6 16. Nxg6 hxg6 17. O-O-O Rfd8 18. Rde1 Rd6 19. Qe4 Qf7 20. Bd3 f5 21. Qe5 Rad8 22. h5 Ne7 23. h6 Qf6 24. Bc4 Qxe5 25. dxe5 Rd2 26. Bxe6+ Kh7 27. hxg7+ Kxg7 28. Rd1 Rxd1+ 29. Rxd1 Rxd1+ 30. Kxd1 fxg4 31. Bxg4 Kf7 32. Ke2 Nd5 33. Kf3 b6 34. Ke4 Ne7 35. Bd7 a5 36. a4 g5 37. f4 gxf4 38. Kxf4 Nd5+ 39. Ke4 Ne7 40. Kd4 Kg6 41. b4 Kg5 42. bxa5 bxa5 43. Kc5 Kf4 44. Kd6 Nd5 45. e6 Nxc3 46. e7 Ne4+ 47. Ke6 Nc5+ 48. Kf7 Nxd7 49. e8=Q Ne5+ 50. Ke6 Ke4 51. Kd6 1-0


[Site "https://www.chess.com"]

[Event "Titled Tuesday Blitz December 20 Early 2022"]
[White "Er_is_geen_hoop_meer"]
[Black "yoelpolanco"]
[WhiteElo "2538"]
[BlackElo "2374"]
[Result "0-1"]
[Round "02"]
[TimeControl "180+2"]
[Date "2022.12.20"]
[WhiteClock "0:02:05"]
[BlackClock "0:01:57"]

1. b4 e6 2. Bb2 Nf6 3. a3 c5 4. b5 d5 5. e3 Bd6 6. g4 O-O 7. g5 Nfd7 8. h4 a6 9. a4 axb5 10. axb5 Rxa1 11. Bxa1 Be5 12. Bxe5 Nxe5 13. f4 Ned7 14. Bd3 e5 15. Nc3 c4 16. Bxh7+ Kxh7 17. Nxd5 Nc5 18. Nc3 exf4 19. Nf3 fxe3 20. Ne5 Qxd2+ 0-1


[Site "https://www.chess.com"]

[Event "Titled Tuesday Blitz December 20 Early 2022"]
[White "ErikRonka"]
[Black "Sferra, Bob"]
[BlackFideId "2007266"]
[WhiteElo "2520"]
[BlackElo "2263"]
[Result "1-0"]
[Round "02"]
[TimeControl "180+2"]
[Date "2022.12.20"]
[WhiteClock "0:00:10"]
[BlackClock "0:00:06"]

1. e4 c5 2. Nf3 e6 3. d4 cxd4 4. Nxd4 Nf6 5. Nc3 Bb4 6. e5 Nd5 7. Qg4 O-O 8. Bh6 g6 9. a3 f5 10. exf6 Bxc3+ 11. bxc3 Nxf6 12. Qh4 Qa5 13. Nb5 Rf7 14. Qb4 Nc6 15. Qxa5 Nxa5 16. Nd6 Re7 17. Bg5 Kg7 18. Ne4 Nxe4 19. Bxe7 Nc6 20. Bd3 Nxc3 21. Bg5 d6 22. O-O Bd7 23. Bd2 Nd5 24. c4 Nde7 25. Bc3+ Kf7 26. Rad1 Rd8 27. Be4 Be8 28. Bb4 Nc8 29. Rfe1 b6 30. Bf3 a5 31. Bc3 N8e7 32. Rb1 Nc8 33. Bxc6 Bxc6 34. Bd4 a4 35. Bxb6 Rd7 36. Be3 Ne7 37. Red1 Be4 38. Rb6 d5 39. Bg5 Nf5 40. g4 Nd6 41. cxd5 exd5 42. Rb4 Nc4 43. Rxc4 Rb7 44. Rb4 Rc7 45. Be3 Bf3 46. Rc1 Rd7 47. h4 Ke6 48. Kh2 h5 49. Kg3 Bxg4 50. Rxg4 hxg4 51. Kxg4 d4 52. Bf4 Kd5 53. Rd1 Kc4 54. Kg5 Kb3 55. Rd3+ Kc2 56. Rg3 d3 57. Kxg6 d2 58. Bxd2 Rxd2 59. f4 Kb2 60. f5 Rh2 61. h5 Rc2 62. f6 Rc3 63. Rg1 Rxa3 64. f7 Rf3 65. Kg7 a3 66. f8=Q Rb3 67. Qf2+ Kc3 68. Rg3+ Kb4 69. Rxb3+ Kxb3 70. h6 a2 71. Qxa2+ Kxa2 72. h7 1-0


[Site "https://www.chess.com"]

[Event "Titled Tuesday Blitz December 20 Early 2022"]
[White "Etoilegeniale"]
[Black "Zhigalko_Sergei"]
[WhiteElo "2593"]
[BlackElo "2876"]
[Result "0-1"]
[Round "02"]
[TimeControl "180+2"]
[Date "2022.12.20"]
[WhiteClock "0:00:05"]
[BlackClock "0:00:03"]

1. e4 c5 2. Nf3 Nc6 3. d4 cxd4 4. Nxd4 Nf6 5. Nc3 e5 6. Ndb5 d6 7. Bg5 a6 8. Na3 b5 9. Nd5 Be7 10. Bxf6 Bxf6 11. c4 b4 12. Nc2 O-O 13. g3 a5 14. Bg2 Bg5 15. O-O Ne7 16. Nxe7+ Qxe7 17. Qd3 Be6 18. b3 Rfd8 19. Rad1 Qa7 20. h4 Bh6 21. Kh2 Qc5 22. f4 exf4 23. gxf4 Bg4 24. Rde1 a4 25. Qg3 axb3 26. axb3 Ra2 27. Ne3 Bc8 28. Nd5 Be6 29. Rd1 Kh8 30. Kh1 g6 31. f5 gxf5 32. Qf3 Rg8 33. Rg1 f4 34. Nxf4 Qe5 35. Nxe6 fxe6 36. Rdf1 Rb2 37. Bh3 Qh2# 0-1


[Site "https://www.chess.com"]